 Dungeon Crawl Stone Soup version 0.19.5 (webtiles) character file.

9002 Reinor the Covert (level 11, -9/81 HPs)
             Began as a Vampire Enchanter on Mar 25, 2017.
             Was a Believer of Uskayaw.
             Mangled by an eight-headed hydra (10 damage)
             ... on level 11 of the Dungeon on Mar 26, 2017.
             The game lasted 01:05:03 (10243 turns).

Reinor the Covert (Vampire Enchanter)              Turns: 10243, Time: 01:05:04

Health: -9/81      AC:  6    Str:  7    XL:     11   Next: 17%
Magic:  20/20      EV: 17    Int: 21    God:    Uskayaw [**....]
Gold:   364        SH:  0    Dex: 22    Spells: 6 memorised, 7 levels left

rFire  . . .     SeeInvis +     o - +4 dagger
rCold  + . .     Gourm    .     b - +1 robe
rNeg   + + .     Faith    .     (no shield)
rPois  +         Spirit   .     (no helmet)
rElec  .         Reflect  .     O - +1 cloak {MR+}
rCorr  .         Harm     .     L - +0 pair of fencer's gloves {+Riposte Dex+3}
MR     ++...                    (no boots)
Stlth  +++++++...               r - amulet of regeneration
                                (no ring)
                                s - +4 ring of dexterity

@: regenerating slowly
A: fangs 3, see invisible, unbreathing
a: Bat Form, Stomp, Line Pass, Renounce Religion


You were on level 11 of the Dungeon.
You worshipped Uskayaw.
Uskayaw was noncommittal.
You were very thirsty.

You visited 2 branches of the dungeon, and saw 12 of its levels.
You also visited: Sewer.

You collected 687 gold pieces.
You spent 323 gold pieces at shops.

Inventory:

Hand Weapons
 o - a +4 dagger (weapon)
 t - a +0 blowgun
 P - a +0 short sword of electrocution
Missiles
 a - a throwing net
 p - 166 stones (quivered)
 u - 41 poisoned needles
 x - 5 curare-tipped needles
 D - 7 needles of sleeping
Armour
 b - a +1 robe (worn)
 n - a +1 buckler
 L - the +0 pair of fencer's gloves (worn) {+Riposte Dex+3}
   (You bought it in a shop on level 9 of the Dungeon)

   It affects your dexterity (+3).
 O - a +1 cloak of magic resistance (worn)
Jewellery
 i - an uncursed ring of fire
 r - an amulet of regeneration (around neck)
 s - a +4 ring of dexterity (left hand)
 z - an uncursed ring of fire
Wands
 k - a wand of flame (20/48)
 C - a wand of slowing (7/48)
 F - a wand of confusion (11/48)
 M - a wand of confusion (48/48)
 N - a wand of iceblast (0/15)
 R - a wand of enslavement (15/24)
Scrolls
 c - 3 scrolls of fear
 g - 6 scrolls of remove curse
 h - 2 scrolls of teleportation
 q - 3 scrolls of amnesia
 y - 4 scrolls of magic mapping
 B - a scroll of recharging
Potions
 d - 45 potions of blood
 e - a potion of beneficial mutation
 f - a potion of heal wounds
 j - 2 potions of agility
 l - 3 potions of lignification
 m - 2 potions of resistance
 v - 4 potions of might
 A - 4 potions of brilliance
 E - a potion of cancellation
 G - 7 potions of curing
 H - 2 potions of haste
 I - 3 potions of flight
 K - a potion of mutation
 Q - a potion of magic
Books
 w - a book of Callings

   Spells                             Type                      Level
   a - Summon Small Mammal            Summoning                    1
   b - Call Imp                       Summoning                    2
   c - Call Canine Familiar           Summoning                    3
   d - Summon Guardian Golem          Hexes/Summoning              3
   e - Summon Lightning Spire         Summoning/Air                4
   f - Summon Ice Beast               Ice/Summoning                4
 J - a Young Poisoner's Handbook

   Spells                             Type                      Level
   a - Sting                          Conjuration/Poison           1
   b - Mephitic Cloud                 Conjuration/Poison/Air       3
   c - Olgreb's Toxic Radiance        Poison                       4
   d - Alistair's Intoxication        Transmutation/Poison         5
   e - Venom Bolt                     Conjuration/Poison           5


   Skills:
 - Level 6.3 Fighting
 - Level 10.3 Short Blades
 + Level 6.3 Dodging
 + Level 12.5 Stealth
 - Level 6.0 Spellcasting
 - Level 10.0 Hexes


You had 7 spell levels left.
You knew the following spells:

 Your Spells              Type           Power        Failure   Level  Hunger
a - Corona                Hex            #####..      1%          1    None
b - Ensorcelled Hibernat  Hex/Ice        ####..       1%          2    None
c - Confuse               Hex            #####...     1%          3    ##.....
d - Tukima's Dance        Hex            #####...     1%          3    ##.....
e - Dazzling Spray        Conj/Hex       ####..       3%          3    ##.....
f - Ozocubu's Armour      Chrm/Ice       #.......     30%         3    ##.....


Dungeon Overview and Level Annotations

Branches:
Dungeon (11/15)            Temple (1/1) D:5            Lair (0/6) D:10
    Orc (0/2) D:9

Altars:
Ashenzari
Cheibriados
Dithmenos
Elyvilon
Fedhas
Gozag
Hepliaklqana
Kikubaaqudgha
Makhleb
Nemelex Xobeh
Okawaru
Qazlal
Ru
Sif Muna
Trog
Uskayaw
Vehumet
Xom
Yredelemnul
Zin
The Shining One

Shops:
D:5 *   D:8 *   D:9 [


Innate Abilities, Weirdness & Mutations

You heal slowly.
You have razor-sharp teeth.
You have supernaturally acute eyesight. (SInv)
You can survive without breathing.


Message History

The eight-headed hydra barely misses you.
The eight-headed hydra bites you!
The eight-headed hydra closely misses you.
The eight-headed hydra misses you. The eight-headed hydra bites you.
The eight-headed hydra bites you but does no damage.
The eight-headed hydra barely misses you.
The eight-headed hydra bites you.
You can now pass through a line of other dancers.
A phantom comes into view.
The eight-headed hydra bites you but does no damage.
The eight-headed hydra misses you. The eight-headed hydra bites you!
* * * LOW HITPOINT WARNING * * *
The eight-headed hydra bites you but does no damage.
The eight-headed hydra bites you!
* * * LOW HITPOINT WARNING * * *
The eight-headed hydra bites you!
* * * LOW HITPOINT WARNING * * *
The eight-headed hydra bites you but does no damage.
The eight-headed hydra bites you!
You die...

.#.#.#.....# #...#
.#.....##..# #...#
.....####..# #...#
...........# #>..#
.....####..# #...#
.##..# #..#
#...####. .##..#
#..# #........
.##..#
#..#######........
.##..#
#.......@D....W...
.##..#
#............###..
.# ..#
#...#######..# .
.# #...# ..# .#
#...# ..# .# #...#
..# .# #...# ..#
.# #...# .##.<#
#...#


You could see an eight-headed hydra and a phantom.

Vanquished Creatures
  Erolcha (D:9)
  3 hill giants
  A cyclops (D:8)
  Maurice (D:8)
  A two-headed ogre (D:11)
  The ghost of Lichfox the Grave Robber, an amateur HuNe (D:4)
  Sigmund (D:8)
  A wyvern (D:9)
  Eustachio (D:6)
  9 yaks (D:10)
  A steam dragon (D:10)
  Menkaure (D:7)
  3 wargs (D:9)
  A water moccasin (D:11)
  2 orc warriors
  A black bear (D:6)
  An ice beast (D:6)
  2 sky beasts
  4 ogres
  A necrophage (D:10)
  A phantom (D:10)
  The ghost of Goboxel the Shooter, an amateur HEHu (Sewer)
  3 crocodiles (D:10)
  3 big kobolds
  5 bullfrogs
  A scorpion (D:9)
  3 killer bees (D:9)
  A howler monkey (D:4)
  A bullfrog zombie (D:8)
  5 crimson imps
  A quasit (D:9)
  A centaur zombie (D:5)
  A jelly (D:10)
  6 orc priests
  2 hounds
  A centaur skeleton (D:10)
  8 orc wizards
  A bullfrog skeleton (D:11)
  7 iguanas
  4 worker ants
  A killer bee zombie (D:7)
  A hound zombie (D:8)
  6 gnolls
  A worker ant zombie (D:7)
  11 adders
  2 river rats (Sewer)
  2 shadow imps (D:9)
  3 oozes
  An adder skeleton (D:8)
  An adder zombie (D:9)
  4 worms
  A dart slug (D:3)
  6 leopard geckos
  26 orcs
  8 giant cockroaches
  4 goblins
  7 hobgoblins
  3 quokkas
  5 ball pythons
  5 bats
  4 frilled lizards
  A jackal skeleton (D:4)
  14 kobolds
  A quokka zombie (D:9)
  4 rats
215 creatures vanquished.

Vanquished Creatures (collateral kills)
  An adder (D:6)
  An orc (D:7)
2 creatures vanquished.

Vanquished Creatures (others)
  A dancing weapon (D:6)
1 creature vanquished.

Grand Total: 218 creatures vanquished

Notes
Turn   | Place    | Note
-------+----------+-------------------------------------------
     0 | D:1      | Reinor the Vampire Enchanter began the quest for the Orb.
     0 | D:1      | Reached XP level 1. HP: 13/13 MP: 3/3
   572 | D:1      | Reached XP level 2. HP: 14/19 MP: 5/5
   579 | D:1      | Learned a level 2 spell: Ensorcelled Hibernation
   836 | D:1      | You fall through a shaft!
   841 | D:2      | Reached skill level 5 in Stealth
  1268 | D:2      | Found a faded altar of an unknown god.
  1340 | D:2      | Found a deep blue altar of Sif Muna.
  1404 | D:2      | Reached XP level 3. HP: 21/24 MP: 6/6
  1562 | D:2      | Found a basalt altar of Yredelemnul.
  1735 | D:3      | Found a shadowy altar of Dithmenos.
  1853 | D:3      | Reached skill level 6 in Stealth
  1886 | D:3      | Reached XP level 4. HP: 29/30 MP: 7/7
  2018 | D:4      | Noticed an ogre
  2018 | D:4      | Noticed Lichfox's ghost (amateur HuNe)
  2221 | D:4      | Learned a level 3 spell: Confuse
  2253 | D:4      | Found a burning altar of Makhleb.
  2253 | D:4      | Found a bloodstained altar of Trog.
  2617 | D:4      | Killed Lichfox's ghost
  2617 | D:4      | Reached skill level 8 in Stealth
  2617 | D:4      | Reached XP level 5. HP: 22/35 MP: 1/8
  2617 | D:4      | Reached XP level 6. HP: 25/41 MP: 1/9
  2647 | D:4      | Reached skill level 5 in Short Blades
  2647 | D:4      | Reached skill level 5 in Hexes
  2884 | D:5      | Entered Level 5 of the Dungeon
  2936 | D:5      | Found a staircase to the Ecumenical Temple.
  3003 | D:5      | Found Zin's Purification Station.
  3011 | D:5      | Found a glowing silver altar of Zin.
  3051 | Temple   | Entered the Ecumenical Temple
  3245 | Temple   | Became a worshipper of Uskayaw the Reveler
  3362 | D:5      | Reached XP level 7. HP: 34/46 MP: 10/10
  3365 | D:5      | Reached * piety under Uskayaw
  3796 | D:5      | HP: 2/46 [poisoned by an orc]
  3803 | D:5      | HP: 1/46 [poisoned by an orc]
  3811 | D:5      | HP: 1/46 [poisoned by an orc]
  3827 | D:5      | Learned a level 3 spell: Tukima's Dance
  3831 | D:5      | Learned a level 3 spell: Dazzling Spray
  4534 | D:6      | Reached XP level 8. HP: 40/52 MP: 0/14
  4798 | D:6      | Reached ** piety under Uskayaw
  4808 | D:6      | Found a glowing drain.
  4860 | Sewer    | Entered a sewer
  5023 | Sewer    | Noticed Goboxel's ghost (amateur HEHu)
  5041 | Sewer    | Killed Goboxel's ghost
  5041 | Sewer    | Reached skill level 9 in Stealth
  5368 | D:6      | Noticed Eustachio
  5374 | D:6      | Found an iron altar of Okawaru.
  5376 | D:6      | Killed Eustachio
  5376 | D:6      | Reached skill level 10 in Stealth
  5769 | D:6      | Noticed Sigmund
  6174 | D:7      | Noticed Menkaure
  6179 | D:7      | Killed Menkaure
  6415 | D:7      | Reached skill level 11 in Stealth
  6767 | D:8      | Reached XP level 9. HP: 40/57 MP: 0/15
  7076 | D:8      | Found a hazy altar of Hepliaklqana.
  7098 | D:8      | Noticed Maurice
  7105 | D:8      | Killed Maurice
  7105 | D:8      | Reached skill level 12 in Stealth
  7145 | D:8      | Found Zimo's General Store.
  7155 | D:8      | Reached skill level 1 in Fighting
  7166 | D:8      | Bought 2 scrolls of remove curse for 66 gold pieces
  7166 | D:8      | Bought a scroll of identify for 22 gold pieces
  7166 | D:8      | Bought a scroll of identify for 22 gold pieces
  7256 | D:8      | Noticed a cyclops
  7323 | D:8      | Killed a cyclops
  7493 | D:8      | Reached *** piety under Uskayaw
  7501 | D:8      | Reached **** piety under Uskayaw
  7566 | D:8      | Learned a level 3 spell: Ozocubu's Armour
  7575 | D:8      | Found a shimmering altar of Xom.
  7593 | D:8      | Reached skill level 5 in Dodging
  7750 | D:9      | Noticed Erolcha
  7987 | D:9      | Found a staircase to the Orcish Mines.
  8277 | D:9      | Reached XP level 10. HP: 14/70 MP: 2/16
  8404 | D:9      | Found Daothrefoth's Armour Emporium.
  8483 | D:8      | Killed Sigmund
  8731 | D:9      | Bought the +0 pair of fencer's gloves {+Riposte Dex+3} for 213 gold pieces
  8774 | D:9      | Killed Erolcha
  8978 | D:10     | Entered Level 10 of the Dungeon
  9009 | D:10     | Reached skill level 10 in Hexes
  9015 | D:10     | Found an opulent altar of Gozag.
  9159 | D:10     | Noticed a hill giant
  9162 | D:10     | Killed a hill giant
  9162 | D:10     | Reached skill level 10 in Short Blades
  9212 | D:10     | Noticed a hill giant
  9230 | D:10     | Killed a hill giant
  9334 | D:10     | Reached skill level 5 in Spellcasting
  9340 | D:10     | Reached ***** piety under Uskayaw
  9350 | D:10     | Reached skill level 5 in Fighting
  9354 | D:10     | HP: 2/74 [yak (11)]
  9362 | D:10     | Reached ****** piety under Uskayaw
  9489 | D:10     | Reached XP level 11. HP: 79/79 MP: 15/19
  9696 | D:10     | Found a staircase to the Lair.
 10203 | D:11     | Noticed a hill giant
 10210 | D:11     | Killed a hill giant
 10236 | D:11     | Noticed an eight-headed hydra
 10243 | D:11     | HP: 1/81 [eight-headed hydra (11)]
 10243 | D:11     | Mangled by an eight-headed hydra

Skill      XL: |  1  2  3  4  5  6  7  8  9 10 11 |
---------------+----------------------------------+-----
Short Blades   | 2 3 4 5 8 10 | 10.3
Stealth        | 5 6 8 11 12 | 12.5
Hexes          | 6 8 10 | 10.0
Spellcasting   | 4 5 6 |  6.0
Fighting       | 3 5 6 |  6.3
Dodging        | 6 |  6.3

Action                   |  1- 3 |  4- 6 |  7- 9 | 10-12 || total
-------------------------+-------+-------+-------+-------++-------
Melee: Dagger            |    88 |    61 |   404 |   151 ||   704
       Bite              |     6 |     6 |    33 |    20 ||    65
Throw: Stone             |       |     1 |       |       ||     1
 Cast: Ensorcelled Hiber |     5 |    12 |    91 |    26 ||   134
       Corona            |     1 |       |     5 |     1 ||     7
       Confuse           |       |     2 |    14 |    10 ||    26
       Tukima's Dance    |       |       |     3 |     4 ||     7
       Dazzling Spray    |       |       |       |     6 ||     6
Invok: Line Pass         |       |       |     1 |     1 ||     2
Evoke: Wand              |       |       |     6 |     2 ||     8
  Use: Scroll            |     5 |     3 |    16 |     1 ||    25
       Potion            |       |     3 |    17 |     8 ||    28
 Stab: Sleeping          |    13 |    12 |    59 |    29 ||   113
       Confused          |       |     3 |    10 |     4 ||    17
       Distracted        |       |       |     1 |     2 ||     3
       Paralysed         |       |       |     4 |     3 ||     7
       Invisible         |       |       |       |     2 ||     2
Armor: Robe              |    26 |     8 |    76 |    23 ||   133
Dodge: Dodged            |    52 |    24 |   251 |    90 ||   417
       Rpst.: Dagger     |       |       |       |    15 ||    15
